 Dungeon Crawl Stone Soup version 0.26.1-11-gd32895ea62 (webtiles) character file.

Game seed: 10858021185232692645

5674 seveneves the Basher (level 10, -9/88 HPs)
             Began as a Minotaur Berserker on July 15, 2021.
             Was a High Priest of Trog.
             Hit by a large rock thrown by a cyclops (28 damage)
             ... on level 9 of the Dungeon on July 16, 2021.
             The game lasted 00:58:00 (7006 turns).

seveneves the Basher (Minotaur Berserker)           Turns: 7006, Time: 00:58:00

Health: -9/88      AC: 12    Str: 25    XL:     10   Next: 47%
Magic:  0/9        EV: 16    Int:  5    God:    Trog [*****.]
Gold:   423        SH:  0    Dex:  9    Spells: 9/9 levels left

rFire    . . .     SeeInvis .   f - +3 dire flail (freeze)
rCold    . . .     Faith    .   (shield currently unavailable)
rNeg     . . .     Spirit   +   G - +3 scale mail {rPois}
rPois    +         Reflect  .   (helmet restricted)
rElec    .         Harm     .   (no cloak)
rCorr    .         Rampage  .   (no gloves)
Will     .....                  F - +0 pair of boots
Stlth    ..........             c - amulet of guardian spirit
HPRegen  0.24/turn              L - +4 ring of evasion
MPRegen  0.11/turn              J - +4 ring of slaying

@: berserk cooldown, studying Ice Magic
A: retaliatory headbutt, horns 2
a: Renounce Religion, Berserk, Trog's Hand, Brothers in Arms


You were on level 9 of the Dungeon.
You worshipped Trog.
Trog was extremely pleased with you.
You visited 2 branches of the dungeon, and saw 10 of its levels.

You collected 423 gold pieces.

Inventory:

Hand Weapons
 e - a +0 shortbow
 f - a +3 dire flail of freezing (weapon)
 h - a +2 short sword of venom
 k - a +3 rapier of draining
 y - a +3 great sword of holy wrath
 A - a +2 dire flail of protection
 D - the +6 Majin-Bo {vamp, MP+6 Int+6}
   (You found it on level 6 of the Dungeon)

   It inflicts no extra harm, but heals its wielder when it wounds a living foe.
   It affects your intelligence (+6).
   It affects your magic capacity (+6).
   Trog disapproves of the use of such an item.
 N - a +2 spear of flaming
 S - a +1 whip of freezing
Missiles
 g - 56 arrows
 j - 357 stones
 l - 2 boomerangs of dispersal (quivered)
 m - 59 sling bullets
 u - 2 atropa-tipped darts
 x - 80 bolts
 M - 4 boomerangs
Armour
 F - a +0 pair of boots (worn)
 G - a +3 scale mail of poison resistance (worn)
 K - a +0 chain mail
Jewellery
 c - an amulet of guardian spirit (around neck)
 d - an uncursed ring of protection from cold
 J - a +4 ring of slaying (right hand)
 L - a +4 ring of evasion (left hand)
 O - an uncursed ring of magical power {unknown}
Wands
 n - a wand of paralysis (11)
 o - a wand of enslavement (9)
 v - a wand of flame (47)
 P - a wand of acid (19)
Scrolls
 a - a scroll of remove curse
 b - a scroll of fear {unknown}
 i - a scroll of amnesia
 q - 2 scrolls of fog
 r - a scroll of immolation
 t - 2 scrolls of noise
 w - a scroll of enchant weapon
 H - a scroll of teleportation
 R - 2 scrolls of identify
Potions
 p - a potion of brilliance {unknown}
 s - 4 potions of curing
 z - 3 potions of flight {unknown}
 C - 4 potions of heal wounds
 E - a potion of berserk rage {unknown}
 T - a potion of attraction
Books
 I - a manual of Ice Magic


   Skills:
 + Level 7.8 Fighting
 + Level 12.1 Maces & Flails
 + Level 0.1 Throwing
 + Level 8.2 Armour
 + Level 5.5 Dodging
 + Level 1.4 Stealth
 * Level 6.2 Evocations


You had 9 spell levels left.
You didn't know any spells.
Your spell library contained the following spells:

 Spells                   Type           Power        Failure   Level
 Summon Small Mammal      Summ           0%           75%         1
 Call Imp                 Summ           0%           86%         2
 Call Canine Familiar     Summ           0%           98%         3
 Confusing Touch          Hex            0%           98%         3
 Gell's Gravitas          Tloc           0%           98%         3
 Summon Guardian Golem    Hex/Summ       0%           98%         3
 Petrify                  Tmut/Erth      0%           100%        4
 Summon Ice Beast         Ice/Summ       0%           100%        4
 Summon Lightning Spire   Summ/Air       0%           100%        4
 Metabolic Englaciation   Hex/Ice        0%           100%        5
 Yara's Violent Unravell  Hex/Tmut       0%           100%        5


Dungeon Overview and Level Annotations

Branches:
Dungeon (9/15)             Temple (1/1) D:5
   Lair: D:8-11         Orc: D:9-12

Altars:
Ashenzari
Cheibriados
Dithmenos
Elyvilon
Fedhas
Gozag
Hepliaklqana
Kikubaaqudgha
Makhleb
Nemelex Xobeh
Okawaru
Qazlal
Sif Muna
Trog
Uskayaw
Vehumet
Wu Jian
Xom
Yredelemnul
The Shining One


Innate Abilities, Weirdness & Mutations

You reflexively headbutt those who attack you in melee.
You have a pair of horns on your head.


Message History

The cyclops throws a large rock.
The large rock hits you!!
You see here a large rock.
Throw: 3 boomerangs (disperse)
Press: ? - help, Q - select action, (/) - cycle Shift-Dir - straight line, f - cyclops
Aim: a cyclops, quivering 3 large rocks (87% to hit)
You throw a boomerang of dispersal.
The boomerang of dispersal hits the cyclops.
The cyclops blinks!
You feel yourself speed up.
The cyclops throws a large rock.
The large rock hits you!!
* * * LOW HITPOINT WARNING * * *
You see here a large rock.
You sock the adder skeleton!
The adder skeleton is heavily damaged.
The adder skeleton bites you but does no damage.
You bludgeon the adder skeleton!!
You destroy the adder skeleton!
Trog accepts your kill.
The cyclops throws a large rock.
The large rock hits you!!
You die...

.. ###. #.# ... #
###.### # ###.. #.
#.....# .# # ##...
.##.....##. .## ....##
......... #..# ###..####
#...C.# ####...
......#.## #.....#
##.#..# #####....# #@#
#....# ###.## ##.## ##.#
#..######..(######..#
##..##.[.......##..##
##..####.))####..##
##..#.##)##.#..##
##########.....'.#.....#
.........#..#.##=##..#.#
########.##.#..###.....#


You could see a cyclops.

Vanquished Creatures
  A two-headed ogre (D:8)
  A tengu warrior (D:9)
  Pikel (D:8)
  Maurice (D:8)
  Grinder (D:5)
  Sigmund (D:6)
  Eustachio (D:6)
  Edmund (D:4)
  Menkaure (D:4)
  A water moccasin (D:9)
  Duvessa (D:4)
  2 black bears
  A necrophage (D:8)
  An orc warrior (D:9)
  An ogre (D:6)
  2 phantoms (D:6)
  4 centaurs
  2 lemures (D:8)
  3 bullfrogs
  Dowan (D:4)
  A scorpion (D:4)
  4 killer bees
  5 wights (D:8)
  A quasit (D:9)
  2 jellies
  3 hounds
  2 orc priests
  2 centaur skeletons
  5 bullfrog skeletons
  5 orc wizards
  An iguana (D:4)
  6 worker ants
  A hound zombie (D:6)
  3 hound skeletons
  7 gnolls
  10 adders
  2 shadow imps
  2 white imps
  2 ufetubi
  An ooze (D:5)
  An adder zombie (D:9)
  An adder skeleton (D:9)
  4 worms
  3 dart slugs
  3 leopard geckos
  27 orcs
  A ball python (D:3)
  7 giant cockroaches
  8 goblins
  2 hobgoblins
  6 jackals
  3 quokkas
  4 bats
  4 frilled lizards (D:1)
  7 kobolds
  A leopard gecko skeleton (D:4)
  2 rats
177 creatures vanquished.

Notes
Turn   | Place    | Note
-------+----------+-------------------------------------------
     0 | D:1      | seveneves the Minotaur Berserker began the quest for the
                  | Orb.
     0 | D:1      | Reached XP level 1. HP: 19/19 MP: 0/0
   140 | D:1      | Reached XP level 2. HP: 27/27 MP: 1/1
   223 | D:1      | Reached skill level 4 in Maces & Flails
   363 | D:1      | Reached ** piety under Trog
   895 | D:2      | Reached XP level 3. HP: 22/33 MP: 2/2
  1204 | D:2      | Found a burning altar of Makhleb.
  1204 | D:2      | Found a basalt altar of Yredelemnul.
  1555 | D:3      | Found a blossoming altar of Fedhas.
  1591 | D:3      | Reached XP level 4. HP: 38/41 MP: 3/3
  2270 | D:4      | Reached skill level 5 in Maces & Flails
  2270 | D:4      | Reached XP level 5. HP: 30/47 MP: 4/4
  2382 | D:4      | Noticed Edmund
  2479 | D:4      | Reached skill level 5 in Fighting
  2529 | D:4      | Reached XP level 6. HP: 31/56 MP: 5/5
  2783 | D:4      | Noticed Duvessa
  2783 | D:4      | Noticed Dowan
  2785 | D:4      | Noticed Menkaure
  2791 | D:4      | Killed Duvessa
  2791 | D:4      | Reached *** piety under Trog
  2792 | D:4      | Reached skill level 6 in Maces & Flails
  2792 | D:4      | Reached skill level 1 in Evocations
  2795 | D:4      | Killed Menkaure
  2796 | D:4      | Reached skill level 5 in Armour
  2796 | D:4      | Reached XP level 7. HP: 61/61 MP: 4/6
  2800 | D:4      | Killed Dowan
  3036 | D:4      | Killed Edmund
  3197 | D:5      | Entered Level 5 of the Dungeon
  3329 | D:5      | Found a staircase to the Ecumenical Temple.
  3331 | D:5      | Noticed Grinder
  3335 | D:5      | Killed Grinder
  3336 | D:5      | Reached skill level 7 in Maces & Flails
  3339 | Temple   | Entered the Ecumenical Temple
  3591 | D:5      | Reached XP level 8. HP: 68/70 MP: 5/7
  4334 | D:6      | Noticed Eustachio
  4381 | D:6      | Killed Eustachio
  4382 | D:6      | Reached skill level 8 in Maces & Flails
  4451 | D:6      | Noticed Sigmund
  4470 | D:6      | Killed Sigmund
  4539 | D:6      | Reached skill level 1 in Stealth
  4558 | D:6      | Found the +6 Majin-Bo {vamp, MP+6 Int+6}
  5017 | D:6      | Reached skill level 9 in Maces & Flails
  5020 | D:6      | Reached XP level 9. HP: 78/78 MP: 6/8
  5351 | D:7      | Reached **** piety under Trog
  5913 | D:8      | Reached skill level 5 in Evocations
  6027 | D:8      | Noticed Maurice
  6038 | D:8      | Paralysed by something for 4 turns
  6051 | D:8      | Killed Maurice
  6052 | D:8      | Reached skill level 10 in Maces & Flails
  6233 | D:8      | Reached skill level 5 in Dodging
  6342 | D:8      | Noticed Pikel
  6355 | D:8      | Killed Pikel
  6356 | D:8      | Reached XP level 10. HP: 86/86 MP: 9/9
  6391 | D:8      | Reached skill level 11 in Maces & Flails
  6426 | D:8      | Noticed a two-headed ogre
  6434 | D:8      | Killed a two-headed ogre
  6964 | D:9      | Reached ***** piety under Trog
  6985 | D:9      | Noticed a tengu warrior
  6994 | D:9      | Killed a tengu warrior
  6995 | D:9      | Reached skill level 12 in Maces & Flails
  7001 | D:9      | Noticed a cyclops
  7006 | D:9      | Hit by a large rock thrown by a cyclops

Illustrated notes

Levels and vault maps discovered:
D:1:      giann_forest_graveyard, layout_loops_ring,
          chequers_serial_rivers_micro_b, minmay_misc_feat_secret_circle
D:2:      layout_rooms, gammafunk_temple_overflow_elements
D:3:      mumra_celtic_spiral_tile, layout_loops_cross, fedhas_ov_isle_minmay
D:4:      layout_basic, uniq_menkaure, uniq_duvessa, uniq_edmund
D:5:      layout_loops_corners, temple_green, minmay_manual_mullet, uniq_grinder
D:6:      layout_basic, uniq_eustachio, uniq_sigmund
D:7:      layout_cave_pools, hangedman_decor_push, minmay_misc_feat_x
D:8:      layout_loops_corners, chequers_serial_rivers_micro_c, uniq_maurice,
          uniq_pikel
D:9:      layout_basic, chequers_temple_overflow_statue_of_worship, special_room
          [special_room_orc], minmay_fractal_squares_gapless_7
Temple:   regret_index_temple_mists

Skill      XL: |  1  2  3  4  5  6  7  8  9 10 |
---------------+-------------------------------+-----
Fighting       | 4 5 6 7 |  7.8
Maces & Flails | 4 5 6 7 9 10 12 | 12.1
Armour         | 3 4 5 6 7 8 |  8.2
Dodging        | 3 4 5 |  5.5
Evocations     | 1 3 4 5 6 |  6.2
Stealth        | 1 |  1.4
Throwing       | |  0.1

Action                   |  1- 3 |  4- 6 |  7- 9 | 10-12 || total
-------------------------+-------+-------+-------+-------++-------
Melee: Mace              |    87 |    92 |    29 |       ||   208
       Headbutt          |    12 |    14 |    44 |     8 ||    78
       Dire flail        |       |       |   244 |    36 ||   280
Throw: Dart              |       |     2 |       |       ||     2
       Boomerang         |       |       |       |     1 ||     1
Invok: Berserk           |       |     1 |    10 |     2 ||    13
       Trog's Hand       |       |       |     1 |       ||     1
Evoke: Wand              |       |     1 |     1 |       ||     2
  Use: Scroll            |     2 |     5 |    13 |       ||    20
       Potion            |     4 |     2 |     2 |       ||     8
Armor: Animal skin       |     5 |       |       |       ||     5
       Ring mail         |    17 |    31 |     8 |       ||    56
       Scale mail        |       |       |    88 |    16 ||   104
Dodge: Dodged            |    54 |    42 |   166 |    30 ||   292
